Electro, lawful female human Valkyrie ----- -------- |...| |......| |...| |.>....-# |...| -.-.----# |..)| # # # |...-#### ### ### ----- # # # --------- ### # ### |.......| # # # |.......| ### # ### |.......| # # # |.......| ### # ##........| --------------- # # --------- |...........S<| ### --.-- |........SSS..|##########....| |........S@S...# ###|..(| --------------- #|...| ----- Electro the Skirmisher Experience level: 5 Strength: 16 Dexterity: 13 Constitution: 18 Intelligence: 8 Wisdom: 10 Charisma: 7 Health: 0(62) Energy: 14(14) Def: 6 Gold: 16 Moves: 2429 Dungeon seed: eWNVW_qAVM1UEod5 Game ID: Electro_1650014032 Your Inventory: Coins $ - 16 gold pieces Weapons a - a rusty +2 long sword (weapon in hand) b - a +0 dagger (in quiver) f - a +0 axe Armor e - an uncursed +3 small shield (being worn) n - a blessed +1 orcish helm (being worn) Comestibles j - an uncursed tripe ration K - an uncursed food ration Tools d - an uncursed oil lamp (0:1307) h - a crystal ball (0:0) l - an uncursed stethoscope o - an uncursed leash Gems q - 2 uncursed worthless pieces of orange glass r - 2 uncursed worthless pieces of red glass y - an uncursed worthless piece of blue glass Spells and supernatural/magical abilities: Name Level Category Fail Memory W - pray for help -- divine ? -- Your skills at the end: Fighting Skills Weapon Skills dagger [Basic] long sword [Basic] Spellcasting Skills Final Attributes: You were piously aligned. You were cold resistant. You were stealthy. You were lucky. You are dead. Vanquished creatures: a large mimic a small mimic a little dog a floating eye a giant bat an iguana 2 acid blobs a gas spore a hobbit 3 hobgoblins 3 giant rats a yellow mold a green mold 4 garter snakes 9 jackals a kobold 2 goblins 3 grid bugs 4 lichens 2 newts 43 creatures vanquished. Voluntary challenges: You were an atheist. You used a wielded weapon 45 times, starting on turn 108. You read items or engraved 3 times, starting on turn 741. You never genocided any monsters. You never polymorphed an object. You never changed form. You used no wishes. You never split a pudding. You never wrote Elbereth's name. You never violated your personal moral code. Dungeon overview: The Dungeons of Doom: levels 1 to 5 Level 1 a fountain a long staircase Level 2 Level 3 Level 4 <- You were here a fountain Level 5 a general store History has recorded: On T:1 you entered the Dungeons of Doom to retrieve the Amulet of Yendor! On T:417 you reached level 2 of The Dungeons of Doom. On T:467 you advanced to experience level 2. On T:527 you advanced to experience level 3. On T:731 you reached level 3 of The Dungeons of Doom. On T:946 you reached level 4 of The Dungeons of Doom. On T:1086 you advanced to experience level 4. On T:1240 you reached level 5 of The Dungeons of Doom. On T:1715 you advanced to experience level 5. Score breakdown: Gold: 16 ( 4185 points) Experience: 5 levels (11141 points) Exploration: 5 levels ( 10.00%) ( 8571 points) Discoveries: 7 items ( 2.86%) ( 5070 points) Valuables value: (no points given unless you survive) Artifact value: 0 ( 0 points) Variety of kills: 20 monsters ( 5.25%) ( 6873 points) Turncount: 2429 turns ( -288 points) Survival: died (score multiplied by 80%) Total score: 28441 Latest messages: The hobgoblin hits! You kill the hobgoblin! There are a few objects here. You hear someone counting money. Where do you want to travel to? Your long sword rusts! An endless stream of snakes pours forth! The water moccasin misses. The water moccasin bites! The water moccasin's bite was poisoned! You feel weaker! The water moccasin bites! (3x) You hit the water moccasin. The water moccasin bites! (3x) The water moccasin's bite was poisoned! The water moccasin just misses! The water moccasin bites! (2x) The water moccasin just misses! The water moccasin bites! (2x) The water moccasin's bite was poisoned! Valkyrie, your life force is running out. The water moccasin bites! You die... Final status: Farvel Electro the Valkyrie, killed by a water moccasin... You died in The Dungeons of Doom on dungeon level 4 with 28441 points, and 16 pieces of gold, after 2429 moves. You were level 5 with a maximum of 62 hit points when you died.